AoeStats
← NessMan

Arabia

506981932Analyzed
3v3 RM · 17d ago on Sep 16, 2026· 22m 38s· 6 players
Game mode
Random Map
Map size
Normal (6 player)
Population
200
Speed
Normal
Resources
Standard
Victory
Conquest
Starting age
Dark Age
Ending age
Imperial Age
RankedLock teamsTeams togetherTeam positionsShared explorationLock speedFull tech treeHidden civsTurbo modeCheats
Victory
Defeat
🇺🇸 Ethiopians · United States
620
+15
🇺🇸 Portuguese · United States
607
+15
🇺🇸 Franks · United States
592
+16
🇺🇸 Persians · United States
648
-18
🇺🇸 Chinese · United States
570
-14
🇺🇸 Berbers · United States
568
-14
DonCandy
6:43 Loom
8:49 Loom
13:19 Feudal Age
15:56 Double-Bit Axe
20:15 Fletching
20:25 Padded Archer Armor
NessMan
13:50 Feudal Age
17:15 Bloodlines
19:50 Loom
ProKrustius
4:35 Loom
11:15 Feudal Age
12:50 Double-Bit Axe
13:22 Horse Collar
wyantdayne
0:26 Loom
10:12 Feudal Age
11:25 Double-Bit Axe
17:19 Man-at-Arms
17:46 Arson
O6TheGOAT
1:05 Loom
12:34 Feudal Age
14:14 Wheelbarrow
19:40 Castle Age
18:08 Fletching
19:17 Padded Archer Armor
21:38 Crossbowman
22:29 Double-Bit Axe
HF Cecko
0:49 Loom
13:48 Feudal Age
18:05 Scale Barding Armor
20:20 Forging
Connection lost

Rejoining the realm…

Still unreachable

The connection could not be restored.

Session expired

The server has moved on; the page needs a fresh start.